 Dungeon Crawl Stone Soup version 0.31.0-12-g77e489cdc1 (webtiles) character file.

Game seed: 14044429037830083878

347 Gadfly the Trooper (level 6, -10/66 HPs)
             Began as an Oni Berserker on Feb 23, 2024.
             Was a Believer of Trog.
             Killed from afar by Dowan (12 damage)
             ... with a shard of ice
             ... on level 4 of the Dungeon.
             The game lasted 00:04:38 (2941 turns).

Gadfly the Trooper (Oni Berserker)                  Turns: 2941, Time: 00:04:40

Health: -10/66     AC:  5    Str: 22    XL:     6   Next: 59%
Magic:  6/6        EV: 10    Int:  8    God:    Trog [**....]
Gold:   42         SH:  0    Dex: 10    Spells: 5/5 levels left

rFire   . . .        l - +7 Throatcutter {drain, coup de grace}
rCold   . . .        (no shield)
rNeg    . . .        j - +0 robe
rPois   .            (helmet restricted)
rElec   .            h - +1 cloak
rCorr   .            (gloves unavailable)
SInv    .            (boots unavailable)
Will    .....        (no amulet)
Stlth   +            (no ring)
HPRegen 0.31/turn    (no ring)
MPRegen 0.10/turn

%: no passive effects
@: no status effects
A: large, unfitting armour, horns 1, tough skin 1, double potion healing,
drunken brawling
a: Renounce Religion, Berserk, Trog's Hand


You were on level 4 of the Dungeon.
You worshipped Trog.
Trog was pleased with you.
You visited 1 branch of the dungeon, and saw 4 of its levels.

You collected 55 gold pieces.
You spent 13 gold pieces at shops.

Inventory:

Hand Weapons
 a - a +0 mace
 b - a +0 whip of venom
 l - the +7 Throatcutter (weapon) {drain, coup de grace}
   (You found it on level 2 of the Dungeon)
Armour
 h - a +1 cloak (worn)
 j - a +0 robe (worn)
Jewellery
 k - an amulet of faith
Scrolls
 e - a scroll of teleportation
 m - a scroll of identify {unknown}
Potions
 c - a potion of heal wounds {unknown}
 d - a potion of curing {unknown}
 f - a potion of mutation {unknown}
 g - a potion of berserk rage {unknown}
 i - a potion of might {unknown}


   Skills:
 + Level 5.1 Fighting
 * Level 4.6 Maces & Flails
 * Level 2.8 Armour
 - Level 2.6 Dodging
 * Level 2.5 Evocations


You had 5 spell levels left.
You didn't know any spells.
Your spell library was empty.

Dungeon Overview and Level Annotations

Branches:
Dungeon (4/15)
 Temple: D:4-7

Altars:

Shops:
D:1 !(([(

Annotations:
D:4 Dowan


Innate Abilities, Weirdness & Mutations

You are too large for most types of armour.
You have a pair of small horns on your head.
You have tough skin. (AC +1)
You gain doubled healing and magic from potions.
Whenever you drink a healing potion, you attack all around you.


Message History

You hit Duvessa. You headbutt Duvessa, but do no damage.
Duvessa is severely wounded.
Duvessa hits you with a +0 rapier!
You barely miss Duvessa.
Duvessa is severely wounded.
Duvessa hits you with a +0 rapier. Duvessa hits you with a +0 rapier!
You are too injured to fight recklessly!
You are too injured to fight recklessly!
You are too injured to fight recklessly!
You are too injured to fight recklessly!
Unknown command.
You are too injured to fight recklessly!
You hit Duvessa. You drain Duvessa.
You behead Duvessa!
You kill Duvessa!
Trog accepts your kill.
You hear a distant wail of despair.
You start resting.
Dowan, Brother of Duvessa comes into view.
He is wielding a +3 dagger.
You are too injured to fight recklessly!
You are too injured to fight recklessly!
Dowan seems to find hidden reserves of power!
Things that are here:
a +0 rapier; a +0 ring mail of fire resistance Dowan casts a spell at you.
The stone arrow hits you!
* * * LOW HITPOINT WARNING * * *
Dowan hits you with a +3 dagger.
* * * LOW HITPOINT WARNING * * *
You slash Dowan! You drain Dowan. Your headbutt misses Dowan.
Dowan is heavily wounded.
Dowan hits you but does no damage. Dowan hits you with a +3 dagger.
* * * LOW HITPOINT WARNING * * *
You closely miss Dowan. Your headbutt misses Dowan.
Dowan is heavily wounded.
Dowan points at you and mumbles some strange words.
The stone arrow hits you!
* * * LOW HITPOINT WARNING * * *
Dowan casts a spell at you. The shard of ice hits you!
You die...

### #..# ##
#########...# ...#
##.....##...##
....####.......#....##
#....#....#......# ..
..........##...).#.##
.#...#..##.....@...# .
#...##.##.....e..##
....##.#.#........##
...##......#.#.####
........#.####.##
........######..##
.#..........##...#
##.......).....#####
.....#....#..##.....##


You could see Dowan (fast, very drained).

Vanquished Creatures
  Sigmund (D:3)
  Duvessa (D:4)
  2 adders
  2 ribbon worms (D:3)
  5 ball pythons
  5 endoplasms
  2 giant cockroaches (D:2)
  3 goblins
  8 hobgoblins
  2 jackals (D:3)
  7 bats
  3 frilled lizards
  7 kobolds
  2 rats (D:1)
50 creatures vanquished.

Notes
Turn   | Place    | Note
-------+----------+-------------------------------------------
     0 | D:1      | Gadfly the Oni Berserker began the quest for the Orb.
     0 | D:1      | Reached XP level 1. HP: 24/24 MP: 1/1
    18 | D:1      | Found Dekev's Distillery.
    48 | D:1      | Found Jusidec's Weapon Boutique.
   111 | D:1      | Found Okkag's Antique Weapon Emporium.
   406 | D:1      | Found Qefutzaz's Antique Armour Shop.
   524 | D:1      | Reached XP level 2. HP: 32/32 MP: 2/2
   583 | D:1      | Found Suumm's Antique Weapon Shop.
   716 | D:1      | Bought a potion of degeneration for 13 gold pieces
  1086 | D:2      | Reached skill level 1 in Armour
  1086 | D:2      | Reached XP level 3. HP: 30/39 MP: 3/3
  1249 | D:2      | Found the +7 Throatcutter {drain, coup de grace}
  1455 | D:2      | Reached skill level 1 in Evocations
  1769 | D:3      | Reached ** piety under Trog
  1951 | D:3      | Noticed Sigmund
  1961 | D:3      | Killed Sigmund
  1962 | D:3      | Reached XP level 4. HP: 16/49 MP: 4/4
  1962 | D:3      | Reached XP level 5. HP: 18/55 MP: 5/5
  2152 | D:3      | Reached XP level 6. HP: 64/65 MP: 6/6
  2906 | D:4      | Reached skill level 5 in Fighting
  2926 | D:4      | Noticed Duvessa
  2935 | D:4      | Killed Duvessa
  2936 | D:4      | Noticed Dowan
  2941 | D:4      | HP: 2/66 [Dowan/stone arrow (10)]
  2941 | D:4      | Killed from afar by Dowan

Illustrated notes

Levels and vault maps discovered:
D:1:      minmay_arrival_four_houses, layout_loops_ring, serial_shops, shop,
          nicolae_shop_rolling_square, shop, shop,
          nicolae_shop_overgrown_old_shop, hangedman_decor_clover_reticule,
          wad_floor_pattern_2
D:2:      layout_loops_ring
D:3:      layout_loops_corners, dk_vineyard_3, st_stairs_7, uniq_sigmund
D:4:      layout_cave_pools, uniq_duvessa

Skill      XL: |  1  2  3  4  5  6 |
---------------+-------------------+-----
Armour         | 1 2 |  2.8
Evocations     | 2 |  2.5
Maces & Flails | 4 |  4.6
Fighting       | 5 |  5.1
Dodging        | |  2.6

Action                     |  1- 3 |  4- 6 || total
---------------------------+-------+-------++-------
  Melee: Mace              |    84 |       ||    84
         Headbutt          |    11 |     5 ||    16
         Whip              |    16 |    22 ||    38
         Punch             |     2 |       ||     2
         Long sword        |       |    11 ||    11
    Use: Scroll            |     2 |     1 ||     3
 Armour: Animal skin       |    56 |       ||    56
         Robe              |       |    19 ||    19
  Dodge: Dodged            |    49 |    17 ||    66
